 Dungeon Crawl Stone Soup version 0.20.0-15-g7f486f2 (webtiles) character file.

1131 vatarom the Skirmisher (level 8, -2/46 HPs)
             Began as a Vine Stalker Assassin on June 12, 2017.
             Was a High Priest of Uskayaw.
             Slain by a killer bee (4 damage)
             ... on level 8 of the Dungeon.
             The game lasted 00:11:39 (4460 turns).

vatarom the Skirmisher (Vine Stalker Assassin)      Turns: 4460, Time: 00:11:40

Health: -2/46      AC:  4    Str: 13    XL:     8   Next: 36%
Magic:  0/10       EV: 12    Int: 13    God:    Uskayaw [*****.]
Gold:   345        SH:  0    Dex: 19    Spells: 7/7 levels left

rFire    + . .     SeeInvis .   s - +0 dagger (speed)
rCold    . . .     Gourm    .   (no shield)
rNeg     . . .     Faith    .   c - +0 robe
rPois    .         Spirit   +   (no helmet)
rElec    .         Reflect  .   d - +1 cloak
rCorr    .         Harm     .   (no gloves)
MR       +....                  (no boots)
Stlth    +++.......             (no amulet)
Regen    0.6/turn               (no ring)
MPRegen  0.2/turn               (no ring)

@: no status effects
A: fangs 3, clever 1, fire resistance 1, regeneration 1, magic shield, antimagic
bite, no potion heal 3, rot immunity
a: Stomp, Line Pass, Grand Finale, Renounce Religion


You were on level 8 of the Dungeon.
You worshipped Uskayaw.
Uskayaw was noncommittal.
You were not hungry.

You visited 2 branches of the dungeon, and saw 8 of its levels.

You collected 345 gold pieces.

Inventory:

Hand Weapons
 b - a +0 blowgun
 s - a +0 dagger of speed (weapon)
Missiles
 e - 8 poisoned needles
 f - 2 curare-tipped needles
Armour
 c - a +0 robe (worn)
 d - a +1 cloak (worn)
 l - the cursed +1 ring mail of Uggato {rC+ MR+}
   (You found it on level 4 of the Dungeon)

   It protects you from cold.
   It affects your resistance to hostile enchantments.
   It has a curse placed upon it.
 q - a +2 chain mail of cold resistance
Wands
 o - a wand of lightning (0/15)
 t - a wand of confusion (8/48)
 v - a wand of flame (34/48)
Scrolls
 h - a scroll of remove curse
 k - 4 scrolls of identify
 w - a scroll of enchant armour
Potions
 p - a potion of curing
Books
 u - a book of Misfortune

   Spells                             Type                      Level
   a - Confusing Touch                Hexes                        1
   b - Confuse                        Hexes                        3
   c - Gell's Gravitas                Translocation                3
   d - Petrify                        Transmutation/Earth          4
   e - Metabolic Englaciation         Hexes/Ice                    5
   f - Yara's Violent Unravelling     Hexes/Transmutation          5
Comestibles
 a - 2 chunks of flesh
 g - 4 bread rations
 j - 2 meat rations
 m - 5 fruits


   Skills:
 - Level 7.5 Fighting
 * Level 4.2 Short Blades
 - Level 1.7 Throwing
 - Level 0.8 Armour
 - Level 0.7 Dodging
 - Level 5.0 Stealth
 + Level 2.3 Invocations


You had 7 spell levels left.
You didn't know any spells.

Dungeon Overview and Level Annotations

Branches:
Dungeon (6/15)             Temple (1/1) D:5

Altars:
Ashenzari
Cheibriados
Dithmenos
Elyvilon
Fedhas
Gozag
Hepliaklqana
Kikubaaqudgha
Makhleb
Nemelex Xobeh
Okawaru
Qazlal
Ru
Sif Muna
Trog
Uskayaw
Vehumet
Xom
Yredelemnul
Zin
The Shining One


Innate Abilities, Weirdness & Mutations

You have razor-sharp teeth.
Your natural rate of healing is unusually fast.
When hurt, damage is shared between your health and your magic reserves.
Your bite disrupts and absorbs the magic of your enemies.
Potions cannot restore your health.
You are immune to rotting.
Your mind is acute. (Int +2)
Your flesh is heat resistant. (rF+)


Message History

Your system rejects the healing.
You feel better. The killer bee closely misses you.
The killer bee barely misses you.
You hit the killer bee but do no damage.
The killer bee is moderately wounded.
The killer bee stings you.
* * * LOW HITPOINT WARNING * * *
You miss the killer bee.
The killer bee is moderately wounded.
The killer bee is no longer sharing its pain.
The killer bee stings you.
* * * LOW HITPOINT WARNING * * *
You hit the killer bee but do no damage.
You bite the killer bee. You drain its power.
You feel invigorated.
The killer bee is moderately wounded.
The killer bee barely misses you.
You can now merge with and destroy a victim.
You miss the killer bee.
The killer bee is moderately wounded.
The killer bee stings you!
You die...

#........#
+.....#..#
#....#_#.#
#.....#..#
######........#
##....+........#
##.....#.......##
#..........†######
#..........@y.†..#
#..........†##.....#
#...........# .....#
#......(....#
.......
#..[........#
.y.y.#.
#...........# ...y.#
#...........# ...y.#
#...........# .....#
#############


You could see a killer bee.

Vanquished Creatures
  Eustachio (D:6)
  A water moccasin (D:8)
  An ice beast (D:8)
  A scorpion (D:5)
  4 killer bees (D:8)
  2 crimson imps (D:5)
  An orc priest (D:3)
  2 hounds
  2 bullfrog skeletons (D:5)
  2 orc wizards
  A worker ant (D:6)
  2 hound skeletons
  4 gnolls (D:5)
  12 adders
  A shadow imp (D:6)
  An ooze (D:1)
  A worm (D:3)
  3 dart slugs
  19 orcs
  A ball python (D:3)
  3 giant cockroaches
  4 goblins
  4 hobgoblins
  2 jackals (D:1)
  6 kobolds
  4 bats
  9 frilled lizards
  A giant cockroach zombie (D:5)
  6 rats
101 creatures vanquished.

Notes
Turn   | Place    | Note
-------+----------+-------------------------------------------
     0 | D:1      | vatarom the Vine Stalker Assassin began the quest for the Orb.
     0 | D:1      | Reached XP level 1. HP: 11/11 MP: 2/2
    40 | D:1      | Reached skill level 5 in Stealth
    53 | D:1      | Reached skill level 2 in Fighting
    60 | D:1      | Reached XP level 2. HP: 13/15 MP: 3/3
   586 | D:2      | Reached skill level 3 in Fighting
   586 | D:2      | Reached XP level 3. HP: 20/20 MP: 4/4
   674 | D:2      | Found a burning altar of Makhleb.
  1026 | D:2      | Gained mutation: Your natural rate of healing is unusually fast. [Vine Stalker growth]
  1026 | D:2      | Reached XP level 4. HP: 25/25 MP: 5/5
  1297 | D:3      | Reached skill level 4 in Fighting
  1508 | D:3      | Reached XP level 5. HP: 18/30 MP: 2/6
  1646 | D:3      | Found a faded altar of an unknown god.
  1982 | D:3      | Reached skill level 5 in Fighting
  2159 | D:4      | Got an ichor-stained ring mail
  2160 | D:4      | Identified the cursed +1 ring mail of Uggato {rC+ MR+} (You found it on level 4 of the Dungeon)
  2218 | D:4      | Reached XP level 6. HP: 15/35 MP: 3/7
  2879 | D:5      | Entered Level 5 of the Dungeon
  3007 | D:5      | Reached skill level 6 in Fighting
  3305 | D:5      | Reached XP level 7. HP: 41/41 MP: 8/8
  3426 | D:5      | Found a staircase to the Ecumenical Temple.
  3441 | D:5      | Reached skill level 7 in Fighting
  3445 | Temple   | Entered the Ecumenical Temple
  3467 | Temple   | Became a worshipper of Uskayaw the Reveler
  3828 | D:5      | Gained mutation: Your flesh is heat resistant. (rF+) [potion of mutation]
  3828 | D:5      | Gained mutation: Your mind is acute. (Int +2) [potion of mutation]
  3905 | D:5      | Reached * piety under Uskayaw
  3964 | D:6      | Noticed Eustachio
  3984 | D:6      | Reached ** piety under Uskayaw
  3996 | D:6      | Killed Eustachio
  4193 | D:6      | Reached *** piety under Uskayaw
  4325 | D:6      | You fall through a shaft for 2 floors!
  4344 | D:8      | Reached skill level 1 in Invocations
  4344 | D:8      | Gained mutation: You have razor-sharp teeth. [Vine Stalker growth]
  4344 | D:8      | Reached XP level 8. HP: 13/46 MP: 5/9
  4406 | D:8      | Found an iron altar of Okawaru.
  4453 | D:8      | Reached **** piety under Uskayaw
  4458 | D:8      | HP: 2/46 [killer bee (3)]
  4459 | D:8      | Reached ***** piety under Uskayaw
  4460 | D:8      | Slain by a killer bee

Skill      XL: |  1  2  3  4  5  6  7  8 |
---------------+-------------------------+-----
Stealth        | 5 |  5.0
Fighting       | 2 3 4 5 6 7 |  7.5
Short Blades   | 2 4 |  4.2
Invocations    | 1 2 |  2.3
Throwing       | |  1.7
Armour         | |  0.8
Dodging        | |  0.7

Action                   |  1- 3 |  4- 6 |  7- 9 || total
-------------------------+-------+-------+-------++-------
Melee: Dagger            |    59 |   241 |   144 ||   444
       Bite              |    13 |    65 |    42 ||   120
 Fire: Blowgun           |     4 |       |       ||     4
Evoke: Wand              |       |       |     5 ||     5
  Use: Scroll            |     7 |     6 |     2 ||    15
       Potion            |     2 |     4 |     4 ||    10
 Stab: Sleeping          |    10 |     7 |     7 ||    24
       Distracted        |       |     2 |       ||     2
       Paralysed         |       |       |     4 ||     4
  Eat: Chunk             |       |     8 |     3 ||    11
Armor: Robe              |    12 |    37 |    27 ||    76
Dodge: Dodged            |    25 |    88 |    71 ||   184
